 Dungeon Crawl Stone Soup version 0.23-a0-139-ga22e90c45f (webtiles) character file.

46 Holzbalken the Caller (level 3, -2/19 HPs)
             Began as a Tengu Summoner on Aug 31, 2018.
             Killed by nerve-wracking pain
             ... invoked by Grinder
              (10 damage)
             ... on level 3 of the Dungeon.
             The game lasted 00:07:25 (1670 turns).

Holzbalken the Caller (Tengu Summoner)              Turns: 1670, Time: 00:07:25

Health: -2/19      AC:  3    Str:  8    XL:     3   Next: 68%
Magic:  6/8        EV: 12    Int: 16    God:
Gold:   138        SH:  0    Dex: 14    Spells: 6/7 levels left

rFire    + . .     SeeInvis .   e - +0 short sword
rCold    . . .     Gourm    .   (no shield)
rNeg     . . .     Faith    .   p - +0 leather armour
rPois    .         Spirit   .   (helmet restricted)
rElec    .         Reflect  .   (no cloak)
rCorr    .         Harm     .   (no gloves)
MR       .....                  (boots unavailable)
Stlth    ++........             b - amulet of regeneration
HPRegen  0.46/turn              w - ring of protection from fire
MPRegen  0.11/turn              (no ring)

@: no status effects
A: beak, talons 3
a: no special abilities


You were on level 3 of the Dungeon.
You were hungry.

You visited 1 branch of the dungeon, and saw 3 of its levels.

You collected 138 gold pieces.

Inventory:

Hand Weapons
 e - a +0 short sword (weapon)
 i - a +2 hand axe of venom
 u - a +0 morningstar
Armour
 a - a +0 robe
 p - a +0 leather armour (worn)
Jewellery
 b - an amulet of regeneration (around neck)
 w - a ring of protection from fire (left hand)
Scrolls
 j - a scroll of teleportation {unknown}
 l - a scroll of remove curse {unknown}
 n - 2 scrolls of identify {unknown}
 r - a scroll of enchant weapon {unknown}
 s - a scroll of blinking {unknown}
 v - a scroll of fog {unknown}
 x - a scroll of immolation {unknown}
Potions
 d - 2 potions of agility
 f - a potion of berserk rage {unknown}
 g - a potion of magic {unknown}
 h - a potion of cancellation {unknown}
 k - 2 potions of mutation {unknown}
 m - a potion of invisibility {unknown}
 o - a potion of curing {unknown}
 t - a potion of lignification {unknown}
Comestibles
 c - 3 rations
 q - a chunk of flesh


   Skills:
 + Level 2.7 Dodging
 - Level 2.0 Stealth
 * Level 2.7 Spellcasting
 * Level 5.4 Summonings


You had 6 spell levels left.
You knew the following spells:

 Your Spells              Type           Power        Failure   Level  Hunger
a - Summon Small Mammal   Summ           ###.         3%          1    #......

Your spell library contained the following spells:

 Spells                   Type           Power        Failure   Level  Hunger
 Call Imp                 Summ           ###.....     4%          2    ##.....
 Call Canine Familiar     Summ           ###.....     9%          3    ###....
 Summon Guardian Golem    Hex/Summ       ##......     26%         3    ###....
 Summon Ice Beast         Ice/Summ       ##......     65%         4    #####..
 Summon Lightning Spire   Summ/Air       ##......     65%         4    #####..


Dungeon Overview and Level Annotations

Branches:
Dungeon (3/15)

Altars:

Annotations:
D:3 Grinder


Innate Abilities, Weirdness & Mutations

You have a beak for a mouth.
You have claws for feet.


Message History

Your quokka barely misses Grinder.
Your rat misses Grinder. Grinder gestures at you.
You resist with significant effort.
You hit Grinder but do no damage.
Grinder is lightly wounded.
Your rat barely misses Grinder.
Your quokka bites Grinder.
Your rat barely misses Grinder.
Grinder barely misses you.
You closely miss Grinder. Your kick misses Grinder.
Grinder is lightly wounded.
Your quokka bites Grinder.
Your rat misses Grinder.
Your rat bites Grinder.
Grinder hits you but does no damage.
You barely miss Grinder. Your kick misses Grinder.
Grinder is moderately wounded.
Your quokka barely misses Grinder.
Your rat barely misses Grinder.
Your rat closely misses Grinder.
Grinder says, "FISH!"
Grinder gestures at you. Pain shoots through your body!
Ouch! That really hurt!
You die...

### #.##
#########.<#
........)<†####
#.......@....#
........r5r##.#
##......r..# ..
#........... #
#.........#..#
#............#
#.........#..#
#.........####


You could see Grinder, a friendly quokka and 2 friendly rats.

Vanquished Creatures
  An adder (D:2)
  A worm (D:2)
  A dart slug (D:2)
  A giant cockroach (D:1)
  6 hobgoblins
  2 jackals (D:1)
  4 bats
  A frilled lizard (D:2)
  A goblin (D:1)
  4 kobolds
  5 rats
27 creatures vanquished.

Vanquished Creatures (collateral kills)
  An ooze (D:1)
  A jackal (D:1)
  A goblin (D:1)
  A rat (D:2)
4 creatures vanquished.

Grand Total: 31 creatures vanquished

Notes
Turn   | Place    | Note
-------+----------+-------------------------------------------
     0 | D:1      | Holzbalken the Tengu Summoner began the quest for the Orb.
     0 | D:1      | Reached XP level 1. HP: 10/10 MP: 4/4
   139 | D:1      | Reached skill level 5 in Summonings
   139 | D:1      | Reached XP level 2. HP: 5/15 MP: 6/6
  1140 | D:2      | Reached XP level 3. HP: 19/19 MP: 5/7
  1654 | D:3      | Noticed Grinder
  1670 | D:3      | Killed from afar by Grinder

Vault maps used:
D:1:      saegor_arrival_under_anarchy
D:3:      minmay_wonky_spiral, serial_undead, serial_undead_e, serial_undead_f,
          serial_undead_b, serial_undead_b, uniq_grinder

Skill      XL: |  1 |
---------------+----+-----
Summonings     | 5 |  5.4
Dodging        | |  2.7
Stealth        | |  2.0
Spellcasting   | |  2.7

Action                   || total
-------------------------++-------
Melee: Short sword       ||    84
       Kick              ||    19
       Peck              ||     9
       Unarmed           ||     1
 Cast: Summon Small Mamm ||    10
 Stab: Sleeping          ||     4
  Eat: Chunk             ||     2
Armor: Robe              ||     5
       Leather armour    ||    11
Dodge: Dodged            ||    59

Table legend:
 A = Non-vault XP
 B = Vault XP
 C = Vault XP percentage of total XP
 D = Non-vault monster count
 E = Vault monster count
 F = Vault count percentage of total count
                 A         B        C        D         E       F
            +---------+---------+-------+---------+---------+-------
      Total |      67 |       0 |   0.0 |      31 |       0 |   0.0
            +---------+---------+-------+---------+---------+-------
        D:1 |      32 |       0 |   0.0 |      19 |       0 |   0.0
        D:2 |      32 |       0 |   0.0 |      10 |       0 |   0.0
        D:3 |       3 |       0 |   0.0 |       2 |       0 |   0.0
            +---------+---------+-------+---------+---------+-------
